AoeStats
← Kshulo

African Clearing

510443631Analyzed
4v4 RM · 1d ago on Oct 1, 2026· 53m 15s· 8 players
Game mode
Random Map
Map size
Large (8 player)
Population
200
Speed
Normal
Resources
Standard
Victory
Conquest
Starting age
Dark Age
Ending age
Imperial Age
RankedLock teamsTeams togetherTeam positionsShared explorationLock speedFull tech treeHidden civsTurbo modeCheats
Victory
Defeat
🇦🇷 Khitans · Argentina
1273
+15
🇦🇷 Saracens · Argentina
1267
+15
🇵🇪 Lithuanians · Peru
1246
+16
🇦🇷 Teutons · Argentina
1184
+19
🇨🇱 Maya · Chile
1274
-17
🇺🇾 Mongols · Uruguay
1272
-17
🇨🇱 Lithuanians · Chile
1259
-17
🇨🇱 Byzantines · Chile
1181
-14
Charly_
4:10 Loom
12:05 Feudal Age
12:42 Double-Bit Axe
15:14 Forging
15:09 Town Watch
20:57 Castle Age
19:16 Gold Mining
19:30 Domestication
21:27 Fletching
22:38 Husbandry
22:40 Padded Archer Armor
24:49 Wheelbarrow
25:30 Bodkin Arrow
34:29 Leather Archer Armor
37:54 Thumb Ring
38:03 Town Watch
41:20 Squires
41:39 Bow Saw
42:52 Hand Cart
47:56 Imperial Age
46:39 Iron Casting
46:17 Scale Mail Armor
46:12 Gambesons
47:43 Arson
48:53 Chain Mail Armor
50:05 Plate Mail Armor
49:51 Elite Fire Lancer
51:56 Conscription
52:07 Murder Holes
54:32 Chemistry
LAO9
2:38 Loom
11:42 Feudal Age
15:12 Forging
21:00 Castle Age
18:52 Gold Mining
18:48 Double-Bit Axe
19:37 Bloodlines
22:22 Scale Barding Armor
22:41 Husbandry
24:24 Wheelbarrow
24:41 Fervor
28:59 Town Watch
30:34 Chain Barding Armor
31:04 Iron Casting
31:27 Stone Mining
31:49 Bow Saw
31:25 Horse Collar
34:55 Hand Cart
35:39 Stone Shaft Mining
37:35 Imperial Age
35:07 Town Patrol
36:42 Heavy Plow
36:47 Fletching
40:02 Two-Man Saw
39:35 Crop Rotation
39:42 Plate Barding Armor
38:32 Elite Leitis
40:21 Conscription
41:03 Ballistics
41:59 Chemistry
41:49 Hill Forts
42:21 Bodkin Arrow
43:11 Bracer
juanjemer
4:11 Loom
12:15 Feudal Age
15:58 Fletching
17:10 Double-Bit Axe
22:58 Castle Age
23:01 Crossbowman
23:45 Bodkin Arrow
34:16 Town Watch
44:31 Imperial Age
42:16 Bow Saw
43:03 Gold Mining
43:29 Stone Mining
44:21 Wheelbarrow
44:43 Horse Collar
45:28 Bracer
45:51 Conscription
46:04 Ballistics
46:45 Chemistry
45:19 Arbalester
46:43 Hand Cart
46:41 Thumb Ring
47:28 Padded Archer Armor
49:15 Hoardings
50:02 Siege Engineers
50:08 Masonry
51:36 Gold Shaft Mining
52:06 Heavy Plow
52:13 Town Patrol
54:12 Two-Man Saw
53:43 Counterweights
Mysa_
5:00 Loom
13:53 Feudal Age
14:47 Double-Bit Axe
16:14 Horse Collar
24:16 Castle Age
25:39 Wheelbarrow
27:42 Town Watch
28:14 Scale Barding Armor
30:36 Chain Barding Armor
31:23 Bloodlines
31:50 Fletching
32:52 Bodkin Arrow
33:31 Forging
35:37 Iron Casting
38:26 Heavy Plow
43:36 Hand Cart
43:36 Bow Saw
44:43 Gold Mining
49:24 Imperial Age
51:00 Plate Barding Armor
51:49 Two-Man Saw
50:36 Cavalier
52:34 Blast Furnace
52:51 Paladin
Daiki
5:34 Loom
16:20 Feudal Age
20:39 Castle Age
19:47 Double-Bit Axe
26:30 Bow Saw
26:03 Horse Collar
27:43 Forging
29:26 Iron Casting
30:49 Scale Barding Armor
30:53 Husbandry
31:55 Wheelbarrow
35:23 Chain Barding Armor
43:08 Fletching
43:18 Padded Archer Armor
43:24 Elite Skirmisher
44:10 Thumb Ring
45:48 Hand Cart
46:29 Ballistics
47:40 Bodkin Arrow
48:00 Leather Archer Armor
Kshulo
8:38 Loom
12:11 Feudal Age
13:30 Town Watch
15:52 Double-Bit Axe
24:00 Fletching
31:24 Castle Age
29:45 Horse Collar
34:34 Wheelbarrow
35:11 Bow Saw
36:31 Heavy Plow
43:22 Eagle Warrior
45:50 Squires
46:51 Scale Mail Armor
47:02 Forging
50:32 Imperial Age
48:28 Chain Mail Armor
48:00 Pikeman
50:10 Iron Casting
50:51 Hand Cart
51:46 Holcans
51:43 Conscription
52:46 Halberdier
FatX
5:59 Loom
14:00 Feudal Age
17:48 Castle Age
17:22 Bloodlines
18:32 Horse Collar
21:49 Double-Bit Axe
25:28 Scale Barding Armor
26:51 Elite Skirmisher
29:56 Thumb Ring
30:40 Pikeman
38:09 Fletching
41:19 Ballistics
40:57 Bodkin Arrow
44:02 Husbandry
48:46 Imperial Age
47:06 Fortified Wall
50:33 Chemistry
49:37 Bracer
49:38 Padded Archer Armor
50:11 Murder Holes
PMA
14:24 Feudal Age
12:55 Loom
18:37 Castle Age
16:27 Double-Bit Axe
17:26 Loom
20:38 Town Watch
24:48 Horse Collar
26:44 Heavy Plow
27:37 Fletching
28:17 Bodkin Arrow
30:00 Bow Saw
31:25 Padded Archer Armor
32:14 Ballistics
34:36 Imperial Age
33:38 Leather Archer Armor
35:43 Bracer
36:53 Chemistry
36:09 Husbandry
36:20 Bloodlines
35:56 Elite Mangudai
37:18 Scale Barding Armor
39:00 Parthian Tactics
39:53 Chain Barding Armor
41:05 Wheelbarrow
40:31 Town Patrol
40:28 Gold Mining
41:05 Thumb Ring
42:41 Hand Cart
42:59 Capped Ram
44:55 Conscription
44:56 Drill
44:09 Siege Ram
47:26 Forging
47:33 Heavy Camel Rider
Connection lost

Rejoining the realm…

Still unreachable

The connection could not be restored.

Session expired

The server has moved on; the page needs a fresh start.